 Dungeon Crawl Stone Soup version 0.22-a0-353-g2d6336e (webtiles) character file.

41 Amnesiac the Digger (level 3, -3/24 HPs)
             Began as a Mummy Earth Elementalist on Apr 15, 2018.
             Slain by an ogre
             ... wielding a +0 giant club
              (27 damage)
             ... on level 4 of the Dungeon.
             The game lasted 00:02:33 (1066 turns).

Amnesiac the Digger (Mummy Earth Elementalist)      Turns: 1066, Time: 00:02:34

Health: -3/24      AC:  7    Str: 11    XL:     3   Next: 32%
Magic:  3/7        EV: 12    Int: 17    God:
Gold:   79         SH:  0    Dex: 12    Spells: 5/8 levels left

rFire    x . .     SeeInvis .   g - +0 dagger (flame)
rCold    + . .     Gourm    .   (no shield)
rNeg     + + +     Faith    .   c - +0 robe
rPois    ∞         Spirit   .   (no helmet)
rElec    .         Reflect  .   e - +0 cloak
rCorr    .         Harm     .   j - +0 pair of gloves {archery}
MR       .....                  i - +2 pair of boots
Stlth    ++........             (no amulet)
HPRegen  0.08/turn              a - ring of wizardry
MPRegen  0.10/turn              d - +2 ring of intelligence

@: no status effects
A: no food or potions, fire vulnerability, cold resistance 1, negative energy
resistance 3, torment resistance, unbreathing
a: no special abilities


You were on level 4 of the Dungeon.
You were not hungry.

You visited 1 branch of the dungeon, and saw 4 of its levels.

You collected 79 gold pieces.

Inventory:

Hand Weapons
 g - a +0 dagger of flaming (weapon)
Missiles
 b - 69 stones (quivered)
Armour
 c - a +0 robe (worn)
 e - a +0 cloak (worn)
 i - a +2 pair of boots (worn)
 j - a +0 pair of gloves of archery (worn)
Jewellery
 a - a ring of wizardry (left hand)
 d - a +2 ring of intelligence (right hand)
Scrolls
 h - a scroll of enchant armour {!r}


   Skills:
 - Level 1.5 Dodging
 - Level 1.5 Stealth
 + Level 3.2 Spellcasting
 - Level 0.7 Transmutations
 * Level 3.4 Earth Magic


You had 5 spell levels left.
You knew the following spells:

 Your Spells              Type           Power        Failure   Level  Hunger
a - Sandblast             Erth           ##....       1%          1    N/A
b - Passwall              Tmut/Erth      #.........   4%          2    N/A

Dungeon Overview and Level Annotations

Branches:
Dungeon (4/15)
 Temple: D:4-7

Altars:

Annotations:
D:2 Terence


Innate Abilities, Weirdness & Mutations

You do not eat or drink.
Your flesh is vulnerable to fire.
You are immune to poison.
Your flesh is cold resistant. (rC+)
You are immune to negative energy. (rN+++)
You are immune to unholy pain and torment.
You can survive without breathing.


Message History

You can't see any susceptible monsters within range! (Use Z to cast anyway.)
Casting: Sandblast (safe; 1% risk of failure)
Confirm with . or Enter, or press ? or * to list all spells.
You can't see any susceptible monsters within range! (Use Z to cast anyway.)
You see here a bat corpse.
You see here a hobgoblin corpse.
There is a stone staircase leading down here.
You climb downwards.
Found 26 sling bullets.
There is a stone staircase leading up here.
Found a leather armour.
Found a whip.
Found a robe.
Magic restored.
You see here a robe.
Found a stone staircase leading down.
A goblin comes into view. It is wielding a club.
The goblin shouts!
A goblin is nearby!
There is a stone staircase leading down here.
You climb downwards.
There is a stone staircase leading up here.
Found a stone staircase leading up.
Found a stone staircase leading down.
You now have 79 gold pieces (gained 12).
An ogre comes into view. It is wielding a giant club.
The ogre shouts!
An ogre is nearby!
Casting: Sandblast (safe; 1% risk of failure)
Confirm with . or Enter, or press ? or * to list all spells.
Aiming: Sandblast (safe; 1% risk of failure)
Press: ? - help, Shift-Dir - straight line, f - ogre
Aim: an ogre, wielding a giant club The blast of sand hits the ogre.
The ogre is moderately wounded.
b - 72 stones
Casting: Sandblast (safe; 1% risk of failure)
Confirm with . or Enter, or press ? or * to list all spells.
Aiming: Sandblast (safe; 1% risk of failure)
Press: ? - help, Shift-Dir - straight line, f/p - ogre
Aim: an ogre, wielding a giant club (moderately wounded)
The blast of sand hits the ogre.
The ogre is heavily wounded.
b - 71 stones
Casting: Sandblast (safe; 1% risk of failure)
Confirm with . or Enter, or press ? or * to list all spells.
Aiming: Sandblast (safe; 1% risk of failure)
Press: ? - help, Shift-Dir - straight line, f/p - ogre
Aim: an ogre, wielding a giant club (heavily wounded)
The blast of sand hits the ogre.
The ogre is heavily wounded.
b - 70 stones The ogre barely misses you.
Casting: Sandblast (safe; 1% risk of failure)
Confirm with . or Enter, or press ? or * to list all spells.
Aiming: Sandblast (safe; 1% risk of failure)
Press: ? - help, Shift-Dir - straight line, f/p - ogre
Aim: an ogre, wielding a giant club (heavily wounded)
The blast of sand hits the ogre.
The ogre is almost dead.
b - 69 stones The ogre hits you with a giant club!!
Ouch! That really hurt!
You die...

.. .. .. #. .. . #. #. #.
....##.### #. ... ..
#.....O### #.####..# #.
.....###...# #...... #.
..########.#####..## #.##
#..........O@...## #...
#........###.....##########..
#........##........>.........
#.........................#..
#........##.......#######.#..
#........###.................
############.....############
#.....................
..##.......###########


You could see an ogre.

Vanquished Creatures
  An ooze (D:1)
  A leopard gecko (D:2)
  A giant cockroach (D:1)
  7 goblins
  2 hobgoblins
  7 jackals (D:1)
  A quokka (D:2)
  4 bats
  A frilled lizard (D:1)
  4 kobolds (D:1)
  2 rats
31 creatures vanquished.

Notes
Turn   | Place    | Note
-------+----------+-------------------------------------------
     0 | D:1      | Amnesiac the Mummy Earth Elementalist began the quest for the Orb.
     0 | D:1      | Reached XP level 1. HP: 13/13 MP: 4/4
    95 | D:1      | Reached XP level 2. HP: 19/19 MP: 1/5
   558 | D:1      | Reached XP level 3. HP: 24/24 MP: 3/7
   713 | D:2      | Noticed Terence
   933 | D:1      | Learned a level 2 spell: Passwall
  1051 | D:4      | Noticed an ogre
  1066 | D:4      | Slain by an ogre

Vault maps used:
D:1:      moated_graveyard_arrival, minmay_pentomino_r2
D:2:      serial_glass, glass_columns_a, glass_columns_c, glass_columns_c,
          glass_columns_b, glass_columns_a, glass_columns_a, item_on_display_a,
          minmay_guardbox, uniq_terence
D:3:      kennysheep_goblin_castle, elyvilon_altar_4, first_ration
D:4:      serial_shops, shop

Skill      XL: |  1  2 |
---------------+-------+-----
Earth Magic    | 3 |  3.4
Spellcasting   | 3 |  3.2
Dodging        | |  1.5
Stealth        | |  1.5
Transmutations | |  0.7

Action                   || total
-------------------------++-------
Melee: Dagger            ||    23
 Cast: Sandblast         ||    42
  Use: Scroll            ||     2
Armor: Robe              ||    26
Dodge: Dodged            ||    72

Table legend:
 A = Spawn XP
 B = Non-spawn XP
 C = Spawn XP percentage of total XP
 D = Spawn monster count
 E = Non-spawn monster count
 F = Spawn count percentage of total count
 G = Total turns spent on level
                    A         B        C        D         E        F      G
               +---------+---------+-------+---------+---------+-------+---------
         Total |       0 |      59 |   0.0 |       0 |      31 |   0.0 |  1066
               +---------+---------+-------+---------+---------+-------+---------
           D:1 |       0 |      43 |   0.0 |       0 |      22 |   0.0 |   890
           D:2 |       0 |      16 |   0.0 |       0 |       9 |   0.0 |    64
               +---------+---------+-------+---------+---------+-------+---------
